 Dungeon Crawl Stone Soup version 0.24.0-13-gcf9b3192b9 (webtiles) character file.

Game seed: 13718733954059197237, levelgen mode: deterministic

952 magipi the Conjurer (level 7, -4/50 HPs)
             Began as a Green Draconian Fire Elementalist on Nov 6, 2019.
             Shot with an arrow by a centaur (5 damage)
             ... on level 7 of the Dungeon.
             The game lasted 00:18:49 (5151 turns).

magipi the Conjurer (DrFE)                          Turns: 5151, Time: 00:18:50

Health: -4/50      AC:  8    Str: 10    XL:     7   Next: 90%
Magic:  14/14      EV: 12    Int: 17    God:
Gold:   308        SH:  0    Dex: 12    Spells: 7/15 levels left

rFire    . . .     SeeInvis .   b - +1 scythe (venom)
rCold    . . .     Gourm    .   (shield currently unavailable)
rNeg     . . .     Faith    .   (armour unavailable)
rPois    +         Spirit   .   (helmet restricted)
rElec    .         Reflect  .   n - +0 cloak
rCorr    .         Harm     .   w - +0 pair of gloves
MR       .....                  (no boots)
Stlth    +.........             (no amulet)
HPRegen  0.16/turn              (no ring)
MPRegen  0.14/turn              (no ring)

@: slowed, glowing, very slow
A: breathe noxious fumes, unfitting armour, poison resistance, cold-blooded, AC
+6
a: Breathe Noxious Fumes


You were on level 7 of the Dungeon.
You were near starving.

You visited 1 branch of the dungeon, and saw 6 of its levels.

You collected 308 gold pieces.

Inventory:

Hand Weapons
 a - a +3 dagger of venom
   (You took it off a goblin on level 3 of the Dungeon)
 b - a +1 scythe of venom (weapon)
   (You took it off Sigmund on level 4 of the Dungeon)
Missiles
 d - a throwing net (quivered)
Armour
 n - a +0 cloak (worn)
   (You found it on level 2 of the Dungeon)
 w - a +0 pair of gloves (worn)
   (You found it on level 3 of the Dungeon)
Magical Staves
 g - an uncursed staff of air {unknown}
   (You found it on level 4 of the Dungeon)
Jewellery
 e - an uncursed ring of fire {unknown}
   (You found it on level 1 of the Dungeon)
 h - an uncursed ring of poison resistance
   (You took it off a kobold on level 3 of the Dungeon)
 p - an uncursed ring of positive energy {unknown}
   (You found it on level 2 of the Dungeon)
Scrolls
 j - a scroll of amnesia {unknown}
 k - a scroll of teleportation
 m - 2 scrolls of fear
 q - 2 scrolls of enchant weapon
Potions
 c - a potion of haste
 f - a potion of heal wounds
 i - 2 potions of invisibility
 l - 3 potions of might
 o - 4 potions of curing
 u - a potion of flight
 v - 2 potions of brilliance
 x - 2 potions of degeneration {unknown}
Comestibles
 t - 9 rations


   Skills:
 - Level 1.7 Dodging
 - Level 1.7 Stealth
 + Level 4.9 Spellcasting
 + Level 5.7 Conjurations
 + Level 5.7 Fire Magic


You had 7 spell levels left.
You knew the following spells:

 Your Spells              Type           Power        Failure   Level  Hunger
a - Flame Tongue          Conj/Fire      ###..        1%          1    None
c - Conjure Flame         Conj/Fire      ###.....     4%          3    ###....
y - Sticky Flame          Conj/Fire      ###.....     13%         4    ####...

Your spell library contained the following spells:

 Spells                   Type           Power        Failure   Level  Hunger
 Throw Flame              Conj/Fire      ###...       1%          2    #......
 Inner Flame              Hex/Fire       ##......     13%         3    ###....
 Fireball                 Conj/Fire      ###.......   36%         5    ######.


Dungeon Overview and Level Annotations

Branches:
Dungeon (5/15)             Temple (0/1) D:5

Altars:
Makhleb
Qazlal
Wu Jian
Xom


Innate Abilities, Weirdness & Mutations

You can breathe blasts of noxious fumes.
Your lurid green scales are hard. (AC +6)
You cannot fit into any form of body armour.
Your system is resistant to poisons. (rPois)
You are cold-blooded and may be slowed by cold attacks.


Message History

You start resting.
You are feeling very hungry.
You start resting.
Magic restored.
Things that are here:
a +4 quarterstaff of chaos; a +0 cloak
There is an open translucent door here.
You see here a mace.
You see here a mace.
You see here a mace.
HP restored.
You fall into a shaft and drop 2 floors!
The shaft crumbles and collapses.
A gnoll comes into view.
The gnoll shouts!
An orc comes into view. It is wielding a +0 dagger.
The orc shouts!
You hear a shout!
You hear a bark!
A jelly comes into view.
The jelly quivers.
You hear a shout! x2
Found 5 gold pieces and a leather armour.
A quokka, a scorpion, 2 gnolls and 3 orcs come into view.
Press: ? - help, Shift-Dir - straight line, f - orc priest
Aim: an orc priest, wielding a +0 morningstar and wearing a +0 leather armour You exhale a blast of noxious fumes.
The blast of choking fumes hits the orc priest!
The orc priest is heavily wounded.
You feel somewhat more hungry.
The gnoll shouts!
The orc priest is engulfed in noxious fumes.
The orc priest appears confused.
The orc moves out of view.
The orc shouts!
Unknown command.
A hound comes into view.
There isn't anything here!
Unknown command.
Unknown command.
Attack whom?
Press: ? - help, Dir - move target cursor, f/p - orc priest
Aim: an orc priest, wielding a +0 morningstar and wearing a +0 leather armour (noxious fumes, heavily wounded, confused)
You reach to attack!
You barely miss the orc priest.
The orc priest is heavily wounded.
The orc priest is engulfed in noxious fumes.
The orc priest appears confused.
The orc priest completely misses the orc.
The quokka closely misses you.
The orc priest is engulfed in noxious fumes.
The orc priest appears confused.
The gnoll hits you but does no damage.
The quokka bites you but does no damage.
Attack whom?
Press: ? - help, Dir - move target cursor, f/p - orc priest
Aim: an orc priest, wielding a +0 morningstar and wearing a +0 leather armour (severely wounded, confused)
You reach to attack!
You hit the orc priest.
The orc priest is poisoned.
The orc priest is almost dead.
The quokka barely misses you.
The orc priest closely misses the orc.
The quokka closely misses you. The orc barely misses you.
Unknown command.
You kill the orc priest!
The orc hits you with a +0 war axe.
A gnoll shaman comes into view. It is wielding a +0 club.
A worker ant and a gnoll come into view.
The worker ant twitches its antennae in your direction.
The gnoll shouts!
The gnoll throws a throwing net.
The throwing net closely misses you. The quokka closely misses you.
You have got your breath back.
Unknown command.
The quokka closely misses you.
The quokka bites you but does no damage.
The gnoll shaman mumbles some strange prayers to its god against you.
You resist with some effort.
The gnoll shaman calls upon its god to speed up something.
The gnoll shaman invokes the aid of its god against you.
You are outlined in light.
The quokka barely misses you.
A centaur comes into view.
The centaur shouts!
The centaur wields a +0 shortbow of freezing.
It is covered in frost.
The centaur shoots an arrow.
The arrow hits you! The arrow freezes you.
Found a stone staircase leading up.
You see here an arrow.
The centaur shoots an arrow.
The arrow hits you! The arrow freezes you.
You see here an arrow.
The centaur shoots an arrow.
The arrow closely misses you.
You see here an arrow.
The centaur shoots an arrow.
The arrow hits you! The arrow freezes you.
* * * LOW HITPOINT WARNING * * *
The worker ant bites you but does no damage.
You see here an arrow.
Unknown command.
The centaur shoots an arrow.
The arrow hits you but does no damage.
You see here an arrow.
The centaur shoots an arrow.
The arrow hits you but does no damage.
The quokka twitches its whiskers.
You see here an arrow.
You are near starving!
The centaur shoots an arrow.
The arrow hits you!
* * * LOW HITPOINT WARNING * * *
You feel yourself slow down. The arrow freezes you.
You die...

.##...#..... .....#....
.... .. .c...... ....
.... ......###..###
....# ##..##.....#...
....#####..#..........
......g...(........##
........g..g(....<..#..#
.#J........#.ra(@......#
.........oos##...#..#.##
...........####.## ##
...........# ###
.##........#
.##...#...## ......#####
.#....# .##.###


You could see a centaur, a scorpion, a worker ant, a gnoll, 2 orcs and a quokka.

Vanquished Creatures
  Sigmund (D:4)
  2 ogres
  A centaur (D:5)
  A water moccasin skeleton (D:4)
  A howler monkey (D:5)
  An orc priest (D:7)
  A jelly (D:3)
  3 orc wizards (D:5)
  A bullfrog skeleton (D:5)
  Jessica (D:3)
  Crazy Yiuf (D:5)
  A worker ant (D:4)
  4 gnolls
  5 adders
  2 oozes
  2 worms
  2 dart slugs (D:1)
  3 leopard geckos
  10 orcs
  A ball python (D:3)
  7 giant cockroaches
  7 goblins
  10 hobgoblins
  8 jackals
  A quokka (D:3)
  8 bats
  10 frilled lizards
  9 kobolds
  A leopard gecko skeleton (D:5)
  15 rats
120 creatures vanquished.

Notes
Turn   | Place    | Note
-------+----------+-------------------------------------------
     0 | D:1      | magipi the Draconian Fire Elementalist began the quest for
                  | the Orb.
     0 | D:1      | Reached XP level 1. HP: 14/14 MP: 3/3
   157 | D:1      | Reached XP level 2. HP: 20/20 MP: 0/5
   459 | D:1      | Reached XP level 3. HP: 22/26 MP: 3/6
   638 | D:1      | Learned a level 3 spell: Conjure Flame
  1255 | D:2      | Reached XP level 4. HP: 33/33 MP: 2/7
  1479 | D:2      | Learned a level 4 spell: Sticky Flame
  2213 | D:3      | Reached XP level 5. HP: 22/38 MP: 3/9
  2355 | D:3      | Found an ornate altar of the Wu Jian Council.
  2484 | D:3      | Noticed Jessica
  2488 | D:3      | Killed Jessica
  2974 | D:3      | Found a shimmering altar of Xom.
  3150 | D:4      | Noticed Sigmund
  3415 | D:4      | Found a stormy altar of Qazlal.
  3444 | D:4      | Reached XP level 6. HP: 20/45 MP: 11/11
  4036 | D:4      | Killed Sigmund
  4036 | D:4      | Reached skill level 5 in Conjurations
  4036 | D:4      | Reached skill level 5 in Fire Magic
  4036 | D:4      | Your scales start taking on a lurid green colour.
  4036 | D:4      | Reached XP level 7. HP: 47/50 MP: 7/13
  4036 | D:4      | Gained mutation: Your system is resistant to poisons.
                  | (rPois) [Green Draconian growth]
  4365 | D:5      | Entered Level 5 of the Dungeon
  4660 | D:5      | Found a burning altar of Makhleb.
  4925 | D:5      | Found a staircase to the Ecumenical Temple.
  5018 | D:5      | Found a runed translucent door.
  5019 | D:5      | Noticed Crazy Yiuf
  5026 | D:5      | Killed Crazy Yiuf
  5116 | D:5      | You fall into a shaft and drop 2 floors!
  5151 | D:7      | HP: 1/50 [centaur/arrow (12)]
  5151 | D:7      | Shot with an arrow by a centaur

Levels and vault maps discovered:
D:1:      roderic_crossed_star, layout_loops_ring, st_stairs_10,
          minmay_hedge_maze, minmay_pentomino_z2
D:2:      layout_basic
D:3:      minmay_recursive_quarters, layout_loops_ring, lemuel_crystal_altar,
          marbit_many_paths, minmay_randomly_rotated_circles, uniq_jessica
D:4:      layout_loops_ring, grunt_qazlal_sundering,
          kennysheep_decorative_pillar, uniq_sigmund
D:5:      layout_loops_ring, kennysheep_mini, nicolae_overflow_hidden_temple,
          minmay_temple_entry_fiery, first_ration, uniq_crazy_yiuf_cottage,
          uniq_grinder
D:7:      layout_cave_pools

Skill      XL: |  1  2  3  4  5  6 |
---------------+-------------------+-----
Conjurations   | 2 3 4 5 |  5.7
Spellcasting   | 3 4 |  4.9
Fire Magic     | 4 5 |  5.7
Dodging        | |  1.7
Stealth        | |  1.7

Action                   |  1- 3 |  4- 6 |  7- 9 || total
-------------------------+-------+-------+-------++-------
Melee: Spear             |    90 |    84 |       ||   174
       Tailslap          |     8 |     7 |     9 ||    24
       Dagger            |       |    70 |     2 ||    72
       Scythe            |       |       |    41 ||    41
 Cast: Flame Tongue      |    42 |    57 |       ||    99
       Conjure Flame     |       |     4 |     1 ||     5
       Sticky Flame      |       |     2 |     6 ||     8
 Abil: Breathe Noxious F |       |       |     2 ||     2
  Use: Scroll            |       |    14 |     1 ||    15
 Stab: Sleeping          |     2 |     3 |       ||     5
       Confused          |       |       |     1 ||     1
  Eat: Chunk             |     2 |     9 |     1 ||    12
       Ration            |       |       |     1 ||     1
Armor: Skin              |    40 |    44 |    29 ||   113
Dodge: Dodged            |    61 |    92 |    40 ||   193

Action                   |  1- 3 |  4- 6 |  7- 9 || total
-------------------------+-------+-------+-------++-------
Melee: Spear             |    90 |    84 |       ||   174
       Tailslap          |     8 |     7 |     9 ||    24
       Dagger            |       |    70 |     2 ||    72
       Scythe            |       |       |    41 ||    41
 Cast: Flame Tongue      |    42 |    57 |       ||    99
       Conjure Flame     |       |     4 |     1 ||     5
       Sticky Flame      |       |     2 |     6 ||     8
 Abil: Breathe Noxious F |       |       |     2 ||     2
  Use: Scroll            |       |    14 |     1 ||    15
 Stab: Sleeping          |     2 |     3 |       ||     5
       Confused          |       |       |     1 ||     1
  Eat: Chunk             |     2 |     9 |     1 ||    12
       Ration            |       |       |     1 ||     1
Armor: Skin              |    40 |    44 |    29 ||   113
Dodge: Dodged            |    61 |    92 |    40 ||   193
